 Dungeon Crawl Stone Soup version 0.31-a0-1591-g515db51633 (webtiles) character file.

Game seed: 18423839594410567251

1645 Atlas the Grappler (level 8, 0/71 HPs)
             Began as a Troll Shapeshifter on Jan 6, 2024.
             Was an Initiate of Gozag.
             Slain by an orc wizard
             ... wielding a +2 dagger of venom
              (2 damage)
             ... on level 6 of the Dungeon.
             The game lasted 00:04:08 (4059 turns).

Atlas the Grappler (Troll Shapeshifter)             Turns: 4059, Time: 00:04:09

Health: 0/71       AC:  4    Str: 25    XL:     8   Next: 67%
Magic:  7/7        EV: 10    Int:  6    God:    Gozag
Gold:   453        SH:  0    Dex:  9    Spells: 7/7 levels left

rFire   . .          .
                       - Unarmed
rCold   . . .        (no shield)
rNeg    . . .        a - +0 animal skin
rPois   .            (helmet currently unavailable)
rElec   .            (cloak currently unavailable)
rCorr   .            (gloves unavailable)
SInv    .            (boots unavailable)
Will    .....        (no amulet)
Stlth   +            (no ring)
HPRegen 1.11/turn    (no ring)
MPRegen 0.10/turn

%: no passive effects
@: lethally poisoned (0 -> -5), beast-form
A: beast (slay +3), large, unfitting armour, claws 3, regeneration 1, shaggy fur
1, tough skin 1
a: Begin Untransformation, Renounce Religion, Potion Petition, Call Merchant,
Bribe Branch


You were on level 6 of the Dungeon.
You worshipped Gozag.
Gozag was aware of your devotion.
You were a hulking beast.
You visited 2 branches of the dungeon, and saw 7 of its levels.

You collected 529 gold pieces.
You paid 76 gold pieces to Gozag.

Inventory:

Missiles
 t - a curare-tipped dart
 v - 2 throwing nets
Armour
 a - a +0 animal skin (worn)
 k - a +2 cloak
Talismans
 c - a beast talisman
 d - a flux talisman
Wands
 o - a wand of polymorph (7)
 s - a wand of flame (27)
Scrolls
 e - 4 scrolls of identify {unknown}
 g - 2 scrolls of enchant weapon {unknown}
 i - a scroll of fog {unknown}
 j - 3 scrolls of fear {unknown}
 l - a scroll of torment {unknown}
 p - a scroll of noise {unknown}
 u - a scroll of immolation {unknown}
 w - a scroll of teleportation {unknown}
Potions
 b - a potion of lignification
 f - a potion of attraction {unknown}
 m - a potion of degeneration {unknown}
 n - a potion of enlightenment {unknown}
 q - a potion of might {unknown}
 r - a potion of mutation {unknown}


   Skills:
 + Level 1.7 Fighting
 + Level 3.9 Dodging
 + Level 1.2 Stealth
 + Level 8.1 Unarmed Combat
 * Level 6.2 Shapeshifting


You had 7 spell levels left.
You didn't know any spells.
Your spell library contained the following spells:

 Spells                   Type           Power      Damage    Failure   Level
 Foxfire                  Conj/Fire      0%         2x1d4     45%         1
 Plasma Beam              Fire/Air       0%         2x1d10    100%        6
 Starburst                Conj/Fire      0%         6d3       100%        6


Dungeon Overview and Level Annotations

Branches:
Dungeon (6/15)             Temple (1/1) D:5

Altars:
Ashenzari
Cheibriados
Dithmenos
Elyvilon
Fedhas
Gozag
Hepliaklqana
Kikubaaqudgha
Makhleb
Nemelex Xobeh
Okawaru
Ru
Sif Muna
Trog
Uskayaw
Vehumet
Wu Jian
Xom
Yredelemnul
Zin
The Shining One

Shops:
D:6 (


Innate Abilities, Weirdness & Mutations

You are a hulking beast.
Your limbs bulge with bestial killing power. (Slay +3)
You are too large for most types of armour.
You have claws for hands.
Your natural rate of healing is unusually fast.
You are covered in fur. (AC +1)
You have tough skin. (AC +1)


Message History

You closely miss something.
You feel very sick.
You bump into the rock wall.
You feel sick.
You barely miss something.
You feel sick.
The orc is no longer distracted by gold.
The ufetubus is no longer distracted by gold.
The ufetubus closely misses you. The ufetubus hits you.
* * * LOW HITPOINT WARNING * * *
Unknown command.
You feel better. The ufetubus closely misses you. x2
Something hits you but does no damage.
You are poisoned.
The orc hits you from afar with a +0 trident!
* * * LOW HITPOINT WARNING * * *
The ufetubus closely misses you.
The ufetubus hits you but does no damage.
You claw something!
You feel sick.
You hear some strange, mumbled words.
A puff of flame appears from out of thin air!
The puff of flame misses you.
The orc hits you from afar with a +0 trident.
* * * LOW HITPOINT WARNING * * *
The ufetubus hits you.
* * * LOW HITPOINT WARNING * * *
The ufetubus hits you but does no damage.
You miss something.
You feel sick.
The ufetubus hits you but does no damage.
The ufetubus closely misses you. The orc hits you but does no damage.
Something hits you but does no damage.
You are lethally poisoned!
Unknown command.
You barely miss something.
* * * LOW HITPOINT WARNING * * *
You feel very sick.
The ufetubus hits you but does no damage.
The ufetubus hits you.
* * * LOW HITPOINT WARNING * * *
Something hits you.
You die...
Your body crumbles into a pile of gold.

...#
##############
##.# ∩#.# ...#
#### ### #.. ##
#. #.# ##.## #.
#.# ##{$.####.
.##
#.###$h$o.....
..#
###.#...#5......
#.#
##.....###...(...
#.# #..##.##
.......
#.###.###.#
....... ##.....#
[.# .......
#.....###.##
......> #.###.#
.. ....... #.#
#.##.#


You could see an ufetubus and an orc.

Vanquished Creatures
  2 steam dragons (D:6)
  2 sky beasts
  A centaur (D:6)
  2 kobold brigands (D:6)
  A bullfrog (D:4)
  3 scorpions
  A gnoll sergeant (D:6)
  A howler monkey (D:5)
  3 hounds (D:6)
  2 bombardier beetles
  Crazy Yiuf (D:4)
  4 orc priests
  4 orc wizards
  2 iguanas (D:5)
  5 gnolls (D:6)
  5 adders
  A white imp (D:6)
  An ufetubus (D:6)
  3 dart slugs
  3 ribbon worms
  13 orcs
  4 ball pythons
  6 endoplasms
  5 giant cockroaches
  9 goblins
  A hobgoblin (D:2)
  5 jackals
  17 kobolds
  2 quokkas (D:5)
  9 bats
  3 frilled lizards
  6 rats
127 creatures vanquished.

Notes
Turn   | Place    | Note
-------+----------+-------------------------------------------
     0 | D:1      | Atlas the Troll Shapeshifter began the quest for the Orb.
     0 | D:1      | Reached XP level 1. HP: 18/18 MP: 0/0
   119 | D:1      | Reached XP level 2. HP: 26/26 MP: 1/1
   412 | D:1      | Found a faded altar of an unknown god.
   485 | D:1      | Reached XP level 3. HP: 32/32 MP: 2/2
   706 | D:2      | Found a white marble altar of Elyvilon.
  1057 | D:2      | Identified the +1 ring mail of Rotini {rC+ Int-2 Slay+3}
  1274 | D:3      | Found a hazy altar of Hepliaklqana.
  1280 | D:3      | Found a sacrificial altar of Ru.
  1315 | D:3      | Found a broken altar of Ashenzari.
  1457 | D:3      | Identified the +1 pair of gloves of Gravitas {rF+++ Dex+2
                  | Slay-5 SInv}
  1479 | D:3      | Reached XP level 4. HP: 40/40 MP: 3/3
  1557 | D:3      | Reached skill level 1 in Fighting
  1575 | D:3      | Reached skill level 4 in Unarmed Combat
  1679 | D:3      | Found an ornate altar of the Wu Jian Council.
  1822 | D:3      | Found a blossoming altar of Fedhas.
  2126 | D:4      | Reached XP level 5. HP: 39/48 MP: 4/4
  2199 | D:4      | Noticed a sky beast
  2209 | D:4      | Killed a sky beast
  2210 | D:4      | Reached XP level 6. HP: 55/55 MP: 5/5
  2245 | D:4      | Reached skill level 5 in Unarmed Combat
  2409 | D:4      | Reached skill level 5 in Shapeshifting
  2737 | D:4      | Found a runed translucent door.
  2738 | D:4      | Noticed Crazy Yiuf
  2897 | D:4      | Killed Crazy Yiuf
  2958 | D:5      | Entered Level 5 of the Dungeon
  2962 | D:5      | Reached XP level 7. HP: 62/62 MP: 6/6
  2988 | D:5      | Reached skill level 6 in Unarmed Combat
  3027 | D:5      | Found a staircase to the Ecumenical Temple.
  3040 | Temple   | Entered the Ecumenical Temple
  3056 | Temple   | Became a worshipper of Gozag Ym Sagoz the Greedy
  3274 | D:5      | Reached skill level 1 in Stealth
  3340 | D:5      | Found a white marble altar of Elyvilon.
  3606 | D:6      | Reached XP level 8. HP: 70/70 MP: 7/7
  3667 | D:6      | Reached skill level 7 in Unarmed Combat
  3720 | D:6      | Found a shimmering blue altar of Sif Muna.
  3793 | D:6      | Found Piabb's Antique Weapon Shoppe.
  4049 | D:6      | Reached skill level 8 in Unarmed Combat
  4059 | D:6      | HP: 2/71 [ufetubus (2)]
  4059 | D:6      | Slain by an orc wizard

Illustrated notes

Levels and vault maps discovered:
D:1:      amcnicky_arrival_choice, layout_loops_ring,
          chequers_ecumenical_altar_simple_redux, nicolae_twisty_statue_hallways
D:2:      layout_basic, basic_altar
D:3:      layout_basic, nicolae_ashenzari_skybound,
          pdpol_wu_jian_five_deadly_venoms, fedhas_altar_fruit_tree,
          jmf_multi_god_temple, palyth_stone_intersect
D:4:      layout_basic, uniq_crazy_yiuf_cottage
D:5:      layout_rooms, elyvilon_altar_1, minmay_temple_entry_crystal_x
D:6:      layout_rooms, nicolae_overflow_hidden_temple,
          mainiacjoe_overflow_alcove_2, serial_shops,
          nicolae_shop_back_alley_shop
Temple:   nicolae_temple_two_arcs

Skill      XL: |  1  2  3  4  5  6  7  8 |
---------------+-------------------------+-----
Shapeshifting  | 4 5 6 |  6.2
Fighting       | 1 |  1.7
Unarmed Combat | 4 5 6 8 |  8.1
Dodging        | 2 3 |  3.9
Stealth        | 1 |  1.2

Action                     |  1- 3 |  4- 6 |  7- 9 || total
---------------------------+-------+-------+-------++-------
  Melee: Unarmed           |    92 |    96 |   129 ||   317
         Punch             |     2 |       |     2 ||     4
    Use: Potion            |       |       |     3 ||     3
   Stab: Sleeping          |       |     1 |       ||     1
 Armour: Animal skin       |    57 |    51 |   112 ||   220
  Dodge: Dodged            |    40 |    32 |    89 ||   161

Table legend: (Time is in decaauts)
 A = Elapsed time spent in this place.
 B = Non-inter-level travel time spent in this place.
 C = Inter-level travel time spent in this place.
 D = Time resting spent in this place.
 E = Time spent auto-exploring this place.
 F = Levels seen in this place.
 G = Mean time per level.
                   A        B        C        D        E       F      G
               +--------+--------+--------+--------+--------+-----+--------+
         Total |   4086 |   3898 |    188 |     33 |   3137 |   7 |  583.7 |
       Dungeon |   4061 |   3888 |    173 |     33 |   3130 |   6 |  676.8 |
        Temple |     24 |      9 |     15 |      0 |      7 |   1 |   24.0 |
               +--------+--------+--------+--------+--------+-----+--------+

Top non-repeatable levels by time:
     D:4: 1006 daAuts
     D:3: 831 daAuts
     D:1: 673 daAuts
     D:5: 588 daAuts
     D:2: 489 daAuts
     D:6: 471 daAuts
  Temple: 24 daAuts
